 Dungeon Crawl Stone Soup version 0.21.1-1-g345015fe64 (webtiles) character file.

14940 Gunterle the Carver (level 12, -14/84 HPs)
             Began as an Octopode Fighter on July 16, 2018.
             Was a Priest of Dithmenos.
             Demolished by an orc warrior
             ... wielding a +0 flail
             ... led by an orc high priest
              (21 damage)
             ... while paralysed by an orc sorcerer
             ... on level 2 of the Orcish Mines.
             The game lasted 02:08:28 (18207 turns).

Gunterle the Carver (Octopode Fighter)             Turns: 18207, Time: 02:08:28

Health: -14/84     AC:  1    Str: 15    XL:     12   Next: 21%
Magic:  7/17       EV:  2    Int: 11    God:    Dithmenos [***...]
Gold:   498        SH:  0    Dex: 16    Spells: 11/11 levels left

rFire    + . .     SeeInvis .   x - +2 dagger (venom)
rCold    . . .     Gourm    +   b - +0 shield
rNeg     . . .     Faith    .   (helmet restricted)
rPois    .         Spirit   .   T - amulet of the gourmand
rElec    .         Reflect  .   m - ring of stealth
rCorr    .         Harm     .   (no ring)
MR       .....                  L - ring of flight
Stlth    +++++.....             M - ring of protection from fire
HPRegen  0.24/turn              (no ring)
MPRegen  0.15/turn              (no ring)
                                (no ring)
                                (no ring)

@: paralysed, wreathed by umbra, drained
A: almost no armour, stealthy swim, amphibious, 8 rings, constrict 8, camouflage
1, gelatinous body 1
a: Shadow Step, Renounce Religion, Evoke Flight


You were on level 2 of the Orcish Mines.
You worshipped Dithmenos.
Dithmenos was most pleased with you.
You were completely stuffed.

You visited 3 branches of the dungeon, and saw 12 of its levels.

You collected 1228 gold pieces.
You spent 730 gold pieces at shops.

Inventory:

Hand Weapons
 e - a +3 long sword of electrocution
 p - a +0 fustibalus
 r - a +0 blowgun
 u - a +1 short sword of holy wrath
 x - a +2 dagger of venom (weapon)
 z - a cursed -2 dagger
 B - a +4 bardiche
 D - a +2 dagger of freezing
 G - a +2 scimitar of slicing
 J - a +0 fustibalus
 K - a +0 antimagic rapier
 Q - the +2 short sword "Akerph" {speed, Str+2}
   (You bought it in a shop on level 2 of the Orcish Mines)

   Attacks with this weapon are significantly faster.
   It affects your strength (+2).
 R - the +5 long sword of the Evening {speed, Int+3}
   (You bought it in a shop on level 2 of the Orcish Mines)

   Attacks with this weapon are significantly faster.
   It affects your intelligence (+3).
Missiles
 i - 608 stones (quivered)
 l - 189 arrows
 t - 20 poisoned needles
 y - 29 tomahawks
Armour
 b - a +0 shield (worn)
Jewellery
 g - an uncursed ring of ice
 m - a ring of stealth (left tentacle)
 E - an uncursed amulet of harm
 L - a ring of flight (on tentacle)
 M - a ring of protection from fire (on tentacle)
 T - an amulet of the gourmand (around mantle)
Wands
 a - a wand of polymorph (9)
 w - a wand of disintegration (12)
Scrolls
 f - a scroll of amnesia
 h - a scroll of acquirement {unknown}
 j - 3 scrolls of remove curse
 o - a scroll of immolation {unknown}
 A - a scroll of enchant armour {unknown}
 C - a scroll of fear {unknown}
 F - 5 scrolls of teleportation
 H - a scroll of identify
 P - 2 scrolls of enchant weapon
Potions
 c - a potion of might
 k - a potion of cancellation {unknown}
 n - a potion of magic {unknown}
 q - 5 potions of curing
 v - a potion of ambrosia
 I - a potion of heal wounds
 N - 2 potions of brilliance
 O - 4 potions of mutation
Comestibles
 d - 12 rations


   Skills:
 + Level 8.8(8.4) Fighting
 * Level 11.7(11.2) Long Blades
 + Level 8.8(8.4) Dodging
 - Level 1.3(0.9) Stealth
 + Level 8.8(8.4) Shields
 + Level 7.2(6.8) Invocations


You had 11 spell levels left.
You didn't know any spells.

Dungeon Overview and Level Annotations

Branches:
Dungeon (9/15)             Temple (1/1) D:6            Lair (0/6) D:9
    Orc (2/2) D:9             Elf (0/3) Orc:2

Altars:
Ashenzari
Cheibriados
Dithmenos
Elyvilon
Fedhas
Gozag
Hepliaklqana
Kikubaaqudgha
Makhleb
Nemelex Xobeh
Okawaru
Qazlal
Ru
Sif Muna
Trog
Uskayaw
Vehumet
Wu Jian
Xom
Yredelemnul
Zin
The Shining One
Beogh

Shops:
D:7 (   D:8 *   Orc:2 [*:(

Annotations:
D:9 exclusion: obsidian statue


Innate Abilities, Weirdness & Mutations

You cannot wear most types of armour.
You are very stealthy in the water. (Stealth+)
You are amphibious.
You can wear up to eight rings at the same time.
You can use your tentacles to constrict eight enemies at once.
Your skin changes colour to match your surroundings (Stealth+).
Your rubbery body absorbs attacks. (AC +1, EV +1)


Message History

You suddenly lose the ability to move!
You lose your grip on the orc sorcerer.
The orc high priest completely misses you.
The orc warrior barely misses you. The hellwing hits you.
The hellwing hits you!
The orc sorcerer hits you with an enchanted dagger.
You kill the orc sorcerer!
Dithmenos accepts your kill.
Dithmenos appreciates your extinguishing a source of fire.
The hellwing disappears in a puff of smoke!
The orc high priest prays to Beogh.
The orc warrior hits you with a flail!
* * * LOW HITPOINT WARNING * * *
Something hits you.
* * * LOW HITPOINT WARNING * * *
The orc high priest hits you from afar with a trident.
* * * LOW HITPOINT WARNING * * *
Something hits you.
* * * LOW HITPOINT WARNING * * *
The orc warrior hits you with a flail!!
You die...

#... ### .#..#
##.## ..... #...##
.....#
##.#.##....#
##.........###
#.§....<.....#
##§{o##.......
##.@.# ......#
###...4# ..o....
##...oo#o#.....o.
#...........oo...
##...........#...#
#...........#....#
##............ .
##...#......<...
##...##..........


You could see an orc high priest, a hellwing, an orc warrior, an orc priest and
an orc.

Vanquished Creatures
  An orc warlord (Orc:1)
  2 two-headed ogres (D:8)
  An orc high priest (Orc:2)
  Pikel (D:4)
  3 orc knights
  6 orc sorcerers
  2 centaur skeletons
  5 trolls
  A hippogriff (D:8)
  A wyvern (D:9)
  A hungry ghost (D:8)
  A warg (Orc:1)
  24 orc warriors
  An ice beast (D:9)
  A slave (D:4)
  A black bear (D:6)
  3 ogres
  A sky beast (D:6)
  4 centaurs
  2 bullfrogs
  3 scorpions
  4 killer bees (D:8)
  3 howler monkeys (D:8)
  7 crimson imps
  5 hounds
  13 orc priests
  Crazy Yiuf (D:6)
  27 orc wizards
  2 bullfrog skeletons (D:8)
  Jessica (D:2)
  Ijyb (D:5)
  3 iguanas
  8 worker ants
  A hound skeleton (D:4)
  Robin (D:2)
  3 gnolls
  13 adders
  A shadow imp (D:8)
  2 oozes
  An adder zombie (D:5)
  An adder skeleton (D:8)
  3 worms
  A dart slug (D:2)
  4 leopard geckos
  56 orcs
  A bat zombie (D:1)
  7 giant cockroaches
  20 goblins
  7 hobgoblins
  9 jackals
  7 kobolds
  5 quokkas
  A ball python (D:4)
  5 bats
  5 frilled lizards
  2 giant cockroach zombies
  9 rats
305 creatures vanquished.

Vanquished Creatures (others)
  A slave (D:4)
  4 orcs (D:4)
5 creatures vanquished.

Grand Total: 310 creatures vanquished

Notes
Turn   | Place    | Note
-------+----------+-------------------------------------------
     0 | D:1      | Gunterle the Octopode Fighter began the quest for the Orb.
     0 | D:1      | Reached XP level 1. HP: 16/16 MP: 1/1
   106 | D:1      | Reached XP level 2. HP: 19/21 MP: 2/2
   288 | D:1      | Reached skill level 1 in Stealth
   596 | D:1      | Reached XP level 3. HP: 23/26 MP: 3/3
  1271 | D:2      | Found a sacrificial altar of Ru.
  1376 | D:2      | Reached skill level 3 in Long Blades
  1376 | D:2      | Reached XP level 4. HP: 31/31 MP: 4/4
  1966 | D:2      | Found a glowing golden altar of the Shining One.
  2126 | D:2      | Noticed Jessica
  2243 | D:2      | Killed Jessica
  2243 | D:2      | Reached XP level 5. HP: 36/36 MP: 5/5
  2246 | D:2      | Noticed Robin
  2271 | D:2      | Killed Robin
  2733 | D:3      | Found a shimmering altar of Xom.
  2734 | D:3      | Found a hazy altar of Hepliaklqana.
  2734 | D:3      | Noticed a tentacled monstrosity
  2738 | D:3      | Noticed a tentacled monstrosity
  2738 | D:3      | Noticed a spectral ugly thing
  3026 | D:3      | Reached skill level 4 in Long Blades
  3075 | D:3      | Reached XP level 6. HP: 42/43 MP: 6/6
  3929 | D:4      | Noticed Pikel
  3929 | D:4      | Noticed a slave
  3929 | D:4      | Noticed a slave
  3929 | D:4      | Noticed a slave
  3930 | D:4      | Noticed a slave
  3938 | D:4      | Killed a slave
  3945 | D:4      | Killed Pikel
  3945 | D:4      | Reached skill level 5 in Long Blades
  3945 | D:4      | Reached XP level 7. HP: 24/49 MP: 7/7
  3945 | D:4      | Reached XP level 8. HP: 26/54 MP: 8/8
  4079 | D:4      | Reached skill level 6 in Long Blades
  4394 | D:4      | Reached skill level 5 in Fighting
  4394 | D:4      | Reached skill level 5 in Dodging
  4394 | D:4      | Reached skill level 5 in Shields
  4533 | D:5      | Entered Level 5 of the Dungeon
  4927 | D:5      | Found an iron altar of Okawaru.
  5003 | D:5      | Noticed Ijyb
  5009 | D:5      | Killed Ijyb
  5324 | D:6      | Found a staircase to the Ecumenical Temple.
  5333 | Temple   | Entered the Ecumenical Temple
  5424 | Temple   | Became a worshipper of Dithmenos the Shadowed
  5666 | D:6      | Reached skill level 7 in Long Blades
  5666 | D:6      | Reached skill level 1 in Invocations
  5691 | D:6      | Found a runed door.
  5737 | D:6      | Found a basalt altar of Yredelemnul.
  5869 | D:6      | Noticed Crazy Yiuf
  5873 | D:6      | Killed Crazy Yiuf
  6272 | D:7      | Found Dixo Nubo's Antique Weapon Emporium.
  6449 | D:7      | Reached XP level 9. HP: 43/62 MP: 8/10
  7001 | D:8      | Noticed a two-headed ogre
  7038 | D:8      | Killed a two-headed ogre
  7038 | D:8      | Reached skill level 8 in Long Blades
  7521 | D:8      | Noticed a two-headed ogre
  7531 | D:8      | Killed a two-headed ogre
  7531 | D:8      | Reached XP level 10. HP: 23/69 MP: 12/12
  7809 | D:8      | Reached skill level 9 in Long Blades
  7859 | D:8      | Found Susoip's General Store.
  7878 | D:8      | Bought a +0 blowgun for 35 gold pieces
  7878 | D:8      | Bought a scroll of enchant weapon for 105 gold pieces
  8239 | D:8      | Found a stormy altar of Qazlal.
  9090 | D:9      | Reached * piety under Dithmenos
  9108 | D:9      | Found a staircase to the Lair.
  9643 | D:9      | Noticed an obsidian statue
 10148 | D:9      | Reached skill level 5 in Invocations
 10360 | D:9      | Found a sacrificial altar of Ru.
 11042 | D:9      | Found a staircase to the Orcish Mines.
 11334 | Orc:1    | Entered Level 1 of the Orcish Mines
 11354 | Orc:1    | Reached skill level 10 in Long Blades
 12254 | D:8      | Reached XP level 11. HP: 45/75 MP: 15/15
 12846 | Orc:1    | Noticed an orc sorcerer
 12855 | Orc:1    | Reached ** piety under Dithmenos
 12907 | Orc:1    | Killed an orc sorcerer
 13136 | Orc:2    | Entered Level 2 of the Orcish Mines
 13136 | Orc:2    | Noticed an orc knight
 13136 | Orc:2    | Noticed an ettin
 13140 | Orc:2    | Noticed an orc warlord
 13140 | Orc:2    | Noticed an orc sorcerer
 13141 | Orc:2    | Noticed an orc sorcerer
 13142 | Orc:2    | Noticed an orc sorcerer
 14204 | Orc:2    | Found a staircase to the Elven Halls.
 14204 | Orc:2    | Noticed an orc sorcerer
 14207 | Orc:2    | Killed an orc sorcerer
 14523 | Orc:2    | Found a bloodstained altar of Trog.
 15003 | Orc:2    | Noticed an orc knight
 15231 | Orc:1    | Killed an orc knight
 15793 | Orc:2    | Reached *** piety under Dithmenos
 15828 | Orc:2    | Killed an orc sorcerer
 15897 | Orc:1    | Killed an orc warlord
 15897 | Orc:1    | Reached skill level 11 in Long Blades
 16169 | Orc:2    | Noticed an orc knight
 16203 | Orc:2    | Killed an orc knight
 16839 | Orc:2    | Noticed an orc high priest
 16845 | Orc:2    | Noticed a sun demon
 16860 | Orc:2    | Noticed a sixfirhy
 17119 | Orc:2    | Killed an orc high priest
 17250 | Orc:2    | Paralysed by an orc sorcerer for 3 turns
 17254 | Orc:2    | Killed an orc sorcerer
 17254 | Orc:2    | Reached XP level 12. HP: 66/84 MP: 17/17
 17334 | Orc:2    | Paralysed by an orc sorcerer for 6 turns
 17338 | Orc:2    | Noticed a soul eater
 17340 | Orc:2    | Noticed a sun demon
 17655 | Orc:2    | Found a roughly hewn altar of Beogh.
 18033 | Orc:2    | Found Paacrext's Book Shoppe.
 18074 | Orc:2    | Found Qaussilo's Antique Armour Shoppe.
 18099 | Orc:2    | Found Diakir's General Store.
 18109 | Orc:2    | Bought a scroll of identify for 26 gold pieces
 18117 | Orc:2    | Found Duhes's Antique Weapon Shoppe.
 18128 | Orc:2    | Bought a runed rapier for 168 gold pieces
 18128 | Orc:2    | Bought a warped short sword for 192 gold pieces
 18128 | Orc:2    | Bought a jewelled long sword for 204 gold pieces
 18128 | Orc:2    | Identified the +5 long sword of the Evening {speed, Int+3} (You bought it in a shop on level 2 of the Orcish Mines)
 18129 | Orc:2    | Identified the +2 short sword "Akerph" {speed, Str+2} (You bought it in a shop on level 2 of the Orcish Mines)
 18192 | Orc:2    | Noticed an orc high priest
 18195 | Orc:2    | Paralysed by an orc sorcerer for 5 turns
 18204 | Orc:2    | Paralysed by an orc sorcerer for 5 turns
 18207 | Orc:2    | Demolished by an orc warrior

Skill      XL: |  1  2  3  4  5  6  7  8  9 10 11 12 |
---------------+-------------------------------------+-----
Stealth        | 1 |  1.3
Long Blades    | 3 4 5 7 8 10 11 | 11.7
Fighting       | 4 5 6 7 8 |  8.8
Dodging        | 4 5 6 7 8 |  8.8
Shields        | 4 5 6 7 8 |  8.8
Invocations    | 1 3 5 6 7 |  7.2

Action                   |  1- 3 |  4- 6 |  7- 9 | 10-12 || total
-------------------------+-------+-------+-------+-------++-------
Melee: Long sword        |    71 |    58 |     4 |    82 ||   215
       Constrict         |    22 |    44 |    29 |    95 ||   190
       Tentacles         |    17 |    29 |    33 |   168 ||   247
       Dagger            |       |    73 |   167 |   381 ||   621
       Short sword       |       |    14 |       |    22 ||    36
       Scimitar          |       |       |       |    24 ||    24
 Fire: Blowgun           |       |       |       |    35 ||    35
       Fustibalus        |       |       |       |    90 ||    90
Throw: Stone             |       |     1 |       |     1 ||     2
       Tomahawk          |       |       |     3 |       ||     3
Evoke: Wand              |       |       |       |     1 ||     1
  Use: Scroll            |     2 |     3 |     7 |     5 ||    17
       Potion            |       |       |     2 |     8 ||    10
 Stab: Sleeping          |     9 |    18 |    11 |    11 ||    49
  Eat: Chunk             |     2 |     8 |    18 |    45 ||    73
       Ration            |       |       |       |     1 ||     1
Armor: Skin              |     4 |     3 |    32 |     5 ||    44
Dodge: Dodged            |    26 |    60 |    54 |   240 ||   380
Block: Shield            |    31 |    54 |    45 |   202 ||   332
       Rpst.: Long sword |     8 |     5 |     2 |    11 ||    26
       Scimitar          |       |       |       |     1 ||     1
